 Dungeon Crawl Stone Soup version 0.30-a0-475-g03497ec522 (webtiles) character file.

Game seed: 7447303833627897835

9394 bmack86 the Cleaver (level 11, -2/97 HPs)
             Began as a Minotaur Fighter on Dec 20, 2022.
             Was an Initiate of Gozag.
             Killed by divine providence
             ... invoked by a smoke demon
              (11 damage)
             ... on level 10 of the Dungeon.
             The game lasted 00:35:47 (8023 turns).

bmack86 the Cleaver (Minotaur Fighter)              Turns: 8023, Time: 00:35:48

Health: -2/97      AC: 15    Str: 25    XL:     11   Next: 22%
Magic:  10/10      EV:  9    Int:  5    God:    Gozag
Gold:   999        SH:  6    Dex: 16    Spells: 10/10 levels left

rFire   . . .      SeeInvis .    D - +4 war axe (freeze)
rCold   . . .      Faith    .    c - +0 buckler
rNeg    . . .      Spirit   .    B - +1 plate armour
rPois   .          Reflect  .    J - +2 hat
rElec   .          Harm     .    (no cloak)
rCorr   +          Rampage  .    k - +2 pair of gloves
Will    .....                    e - +1 pair of boots
Stlth   ..........               C - amulet of regeneration
HPRegen 1.16/turn                F - +6 ring of dexterity
MPRegen 0.12/turn                o - ring of resist corrosion

@: corroded, studying Throwing
A: horns 2, retaliatory headbutt
a: Renounce Religion, Potion Petition, Call Merchant, Bribe Branch


You were on level 10 of the Dungeon.
You worshipped Gozag.
Gozag was pleased with you.
You visited 1 branch of the dungeon, and saw 10 of its levels.
You also visited: Sewer.

You collected 1807 gold pieces.
You spent 297 gold pieces at shops.
You paid 511 gold pieces to Gozag.

Inventory:

Hand Weapons
 b - a +0 triple sword
 w - a +1 vampiric spear
 D - a +4 war axe of freezing (weapon)
Armour
 c - a +0 buckler (worn)
 e - a +1 pair of boots (worn)
 k - a +2 pair of gloves (worn)
 B - a +1 plate armour (worn)
 E - a +1 chain mail of fire resistance
 J - a +2 hat (worn)
Jewellery
 h - a ring of fire
 m - an amulet of reflection
 o - a ring of resist corrosion (right hand)
 C - an amulet of regeneration (around neck)
 F - a +6 ring of dexterity (left hand)
 H - a ring of ice
 N - a ring of willpower
Wands
 x - a wand of roots (33)
 y - a wand of flame (23)
Scrolls
 a - a scroll of poison
 f - 3 scrolls of amnesia
 g - 5 scrolls of vulnerability
 j - 7 scrolls of teleportation
 l - 3 scrolls of fear
 v - a scroll of magic mapping
 G - a scroll of fog
 I - 2 scrolls of blinking
 O - a scroll of noise {unknown}
Potions
 d - a potion of ambrosia {unknown}
 i - 2 potions of haste
 n - 2 potions of brilliance
 p - 5 potions of curing
 q - 3 potions of mutation
 r - 2 potions of resistance
 s - 2 potions of degeneration {unknown}
 t - 3 potions of flight
 u - 2 potions of heal wounds
 z - 3 potions of berserk rage
 A - a potion of attraction {unknown}
 K - a potion of might
 L - a potion of magic {unknown}
 M - 2 potions of lignification {unknown}


   Skills:
 + Level 9.0 Fighting
 + Level 14.2 Axes
 + Level 9.9 Armour
 + Level 4.5 Dodging
 + Level 2.5 Stealth
 + Level 8.1 Shields


You had 10 spell levels left.
You didn't know any spells.
Your spell library contained the following spells:

 Spells                   Type           Power      Damage    Failure   Level
 Apportation              Tloc           0%         N/A       100%        1
 Beastly Appendage        Tmut           0%         N/A       100%        1
 Necrotise                Necr           0%         1d4       100%        1
 Summon Small Mammal      Summ           0%         N/A       100%        1
 Blink                    Tloc           0%         N/A       100%        2
 Wereblood                Tmut           0%         N/A       100%        2
 Call Canine Familiar     Summ           0%         N/A       100%        3
 Ignite Poison            Fire/Tmut/Pois 0%         N/A       100%        3
 Kindle Blastsparks       Fire/Tloc/Air  0%         2d10      100%        3
 Portal Projectile        Hex/Tloc       0%         N/A       100%        3
 Spider Form              Tmut/Pois      0%         N/A       100%        3
 Summon Guardian Golem    Hex/Summ       0%         N/A       100%        3
 Leda's Liquefaction      Hex/Erth       0%         N/A       100%        4
 Manifold Assault         Tloc           0%         N/A       100%        4
 Freezing Cloud           Conj/Ice/Air   0%         6-21      100%        5
 Orb of Destruction       Conj           0%         9d5       100%        7
 Spellforged Servitor     Conj/Summ      0%         N/A       100%        7
 Storm Form               Tmut/Air       0%         N/A       100%        7


Dungeon Overview and Level Annotations

Branches:
Dungeon (9/15)             Temple (0/1) D:6           Sewer (visited)
   Lair: D:8-11         Orc: D:9-12

Altars:
Ashenzari
Cheibriados
Dithmenos
Gozag
Ru
Uskayaw
Vehumet

Shops:
D:7 [   D:8 !

Portals:
Bailey: D:10

Annotations:
D:10 2 runed translucent doors


Innate Abilities, Weirdness & Mutations

You have a pair of horns on your head.
You reflexively headbutt those who attack you in melee.


Message History

The sixfirhy hits you. The sixfirhy shocks you!
You closely miss the sixfirhy. The sixfirhy closely misses you.
The sixfirhy hits you but does no damage.
You block the sixfirhy's attack.
You slash the sixfirhy! You freeze the sixfirhy.
The sixfirhy is moderately wounded.
You hit the rust devil but do no damage.
The sixfirhy hits you. The sixfirhy shocks you!
You block the sixfirhy's attack. The sixfirhy misses you.
You slash the sixfirhy! You freeze the sixfirhy.
Your headbutt misses the sixfirhy.
The sixfirhy is severely wounded.
You hit the rust devil but do no damage.
You block the rust devil's attack.
You miss the sixfirhy. Your headbutt misses the sixfirhy.
The sixfirhy is severely wounded.
You closely miss the rust devil. You block the rust devil's attack.
You barely miss the sixfirhy.
The sixfirhy is heavily wounded.
You hit the rust devil but do no damage.
The sixfirhy hits you. The sixfirhy shocks you! The rust devil hits you.
The rust devil corrodes you!
You completely miss the sixfirhy.
You headbutt the sixfirhy, but do no damage.
The sixfirhy is heavily wounded.
You barely miss the rust devil. The sixfirhy hits you. The sixfirhy shocks you!
The sixfirhy barely misses you. The sixfirhy hits you! The sixfirhy shocks you!
* * * LOW HITPOINT WARNING * * *
The rust devil hits you. The rust devil corrodes you!
You hit the sixfirhy. You freeze the sixfirhy.
The sixfirhy is heavily wounded.
You hit the rust devil. You freeze the rust devil. The sixfirhy hits you.
* * * LOW HITPOINT WARNING * * *
The sixfirhy shocks you!
* * * LOW HITPOINT WARNING * * *
The sixfirhy closely misses you. You block the sixfirhy's attack.
The smoke demon gestures at you. Something smites you!
You die...
Your body crumbles into a pile of gold.

###########
#.........#
#.........# #
#.........#
..#########.........#
......T.............#
......4.............#
.....33@............#
..♣..########.......#
... #.......# .
#.......# #.......#
#########.......#
#######
................#
......#
#########........#
####..#
#.......#........#


You could see a rust devil, a troll, a sixfirhy and a smoke demon.

Vanquished Creatures
  Gastronok (D:8)
  A hydra (D:8)
  A soul eater (D:10)
  Pikel (D:4)
  An ugly thing (D:8)
  An orange demon (D:10)
  A kobold demonologist (D:7)
  An ice devil (D:10)
  A tengu conjurer (D:8)
  2 hornets
  Grinder (D:6)
  2 wyverns
  4 yaks
  A steam dragon (D:10)
  Edmund (D:4)
  Duvessa (D:4)
  An orc warrior (D:8)
  A sky beast (D:7)
  2 black bears
  2 ice beasts
  An ogre (D:5)
  2 centaurs
  2 kobold brigands
  5 phantoms
  3 bullfrogs
  2 wyvern zombies (D:6)
  A gnoll sergeant (D:5)
  2 scorpions (D:6)
  A water moccasin zombie (D:6)
  4 wights (D:5)
  2 necrophages
  Dowan (D:4)
  2 bullfrog zombies (D:6)
  2 quasits (D:10)
  A gnoll bouda (D:5)
  6 hounds
  2 orc priests
  3 jellies
  A bullfrog skeleton (D:6)
  2 iguanas (D:5)
  Natasha (D:4)
  5 orc wizards
  2 howler monkey zombies (D:6)
  Robin (D:4)
  14 adders
  12 gnolls
  5 white imps
  An ufetubus (D:5)
  3 worms
  9 dart slugs
  30 orcs
  14 ball pythons
  21 endoplasms
  15 giant cockroaches
  15 goblins
  7 hobgoblins
  4 jackals (D:4)
  13 quokkas
  8 bats
  12 frilled lizards
  16 kobolds
  5 rats
285 creatures vanquished.

Notes
Turn   | Place    | Note
-------+----------+-------------------------------------------
     0 | D:1      | bmack86 the Minotaur Fighter began the quest for the Orb.
     0 | D:1      | Reached XP level 1. HP: 19/19 MP: 0/0
   196 | D:1      | Reached XP level 2. HP: 27/27 MP: 1/1
   530 | D:1      | Reached XP level 3. HP: 33/33 MP: 2/2
  1047 | D:2      | Reached skill level 3 in Axes
  1342 | D:2      | Reached XP level 4. HP: 40/40 MP: 3/3
  1908 | D:3      | Found a faded altar of an unknown god.
  1913 | D:3      | Found a broken altar of Ashenzari.
  2152 | D:3      | Reached skill level 4 in Axes
  2341 | D:3      | Found a sacrificial altar of Ru.
  2593 | D:3      | Found a hide-covered altar of Uskayaw.
  2777 | D:4      | Noticed a phantom
  2783 | D:4      | Killed a phantom
  2784 | D:4      | Reached skill level 1 in Dodging
  2784 | D:4      | Reached XP level 5. HP: 46/46 MP: 4/4
  2811 | D:4      | Found a snail-covered altar of Cheibriados.
  2855 | D:4      | Noticed Pikel
  2855 | D:4      | Noticed a lemure
  2862 | D:4      | Noticed a lemure
  2869 | D:4      | Killed Pikel
  2870 | D:4      | Reached skill level 5 in Fighting
  2870 | D:4      | Reached skill level 6 in Axes
  2870 | D:4      | Reached skill level 5 in Armour
  2870 | D:4      | Reached skill level 5 in Shields
  2870 | D:4      | Reached XP level 6. HP: 22/56 MP: 5/5
  2870 | D:4      | Reached XP level 7. HP: 24/61 MP: 6/6
  3071 | D:4      | Noticed Edmund
  3081 | D:4      | Killed Edmund
  3132 | D:4      | Reached skill level 7 in Axes
  3189 | D:4      | Noticed Natasha
  3197 | D:4      | Killed Natasha
  3233 | D:4      | Noticed Robin
  3250 | D:4      | Killed Robin
  3297 | D:4      | Found an opulent altar of Gozag.
  3309 | D:4      | Became a worshipper of Gozag Ym Sagoz the Greedy
  3420 | D:4      | Noticed Duvessa
  3429 | D:4      | Killed Duvessa
  3430 | D:4      | Reached XP level 8. HP: 64/69 MP: 7/7
  3436 | D:4      | Noticed Dowan
  3441 | D:4      | Killed Dowan
  3442 | D:4      | Reached skill level 8 in Axes
  3581 | D:5      | Entered Level 5 of the Dungeon
  3898 | D:5      | Found the +3 woodcutter's axe {vorpal}
  4012 | D:5      | Reached skill level 9 in Axes
  4042 | D:5      | Found a glowing drain.
  4095 | Sewer    | Entered a sewer
  4166 | Sewer    | Reached skill level 1 in Stealth
  4590 | D:5      | Reached XP level 9. HP: 77/77 MP: 8/8
  4843 | D:5      | Reached skill level 10 in Axes
  5317 | D:6      | Noticed Grinder
  5342 | D:6      | Paralysed by Grinder for 3 turns
  5346 | D:6      | Killed Grinder
  5414 | D:6      | Found a staircase to the Ecumenical Temple.
  5445 | D:6      | Reached skill level 11 in Axes
  6138 | D:7      | Found a radiant altar of Vehumet.
  6166 | D:7      | Found a shadowy altar of Dithmenos.
  6247 | D:7      | Reached XP level 10. HP: 82/86 MP: 9/9
  6308 | D:7      | Reached skill level 12 in Axes
  6353 | D:7      | Noticed a soul eater
  6649 | D:7      | Paralysed by a hornet for 2 turns
  6662 | D:7      | Bought a +1 chain mail of fire resistance for 297 gold
                  | pieces
  6820 | D:8      | Noticed a green ugly thing
  6829 | D:8      | Noticed Gastronok
  6840 | D:8      | Killed a green ugly thing
  6862 | D:8      | HP: 4/88 [Gastronok (6)]
  6864 | D:8      | Killed Gastronok
  6865 | D:8      | Reached skill level 13 in Axes
  7168 | D:8      | Found Pacab's Distillery.
  7202 | D:8      | Noticed a six-headed hydra
  7213 | D:8      | Killed a 12-headed hydra
  7214 | D:8      | Reached XP level 11. HP: 59/95 MP: 10/10
  7749 | D:9      | You fall into a shaft and drop 1 floor!
  7749 | D:10     | Entered Level 10 of the Dungeon
  7807 | D:10     | Reached skill level 14 in Axes
  7847 | D:10     | Found a flagged portal.
  7900 | D:10     | Noticed a soul eater
  7901 | D:10     | Found a large runed translucent door.
  7902 | D:10     | Found a large runed translucent door.
  7913 | D:10     | Killed a soul eater
  8013 | D:10     | Noticed a sixfirhy
  8023 | D:10     | Killed from afar by a smoke demon

Illustrated notes

Levels and vault maps discovered:
D:1:      onia_arrival_mini_maze, layout_loops_corners
D:2:      layout_basic
D:3:      kennysheep_slugbush, layout_basic, nicolae_overflow_ecumenical_swirl,
          nicolae_uskayaw_suspiria, hangedman_ru_absence,
          amcnicky_mini_pool_small, minmay_misc_feat_more_columns
D:4:      minmay_inner_zag, layout_basic, grunt_gozag_statues,
          mainiacjoe_overflow_chevrons, uniq_duvessa, uniq_robin, uniq_pikel,
          uniq_natasha, uniq_edmund
D:5:      layout_basic, cheibrodos_sewer_entry_drain, hangedman_decor_slide_cut,
          pf_guarded_unrand_woodcutter
D:6:      layout_basic, minmay_temple_entry_fiery, serial_undead,
          serial_undead_a, serial_undead_d, serial_undead_d, serial_undead_f,
          minmay_chambers_of_fives, uniq_grinder
D:7:      layout_loops_ring, nicolae_dithmenos_shadow_blocks,
          mainiacjoe_overflow_alcove_1
D:8:      layout_loops_ring, serial_shops, shop_fountains,
          hangedman_decor_riveting, minmay_manual_moon, uniq_gastronok
D:9:      layout_roguey, nicolae_alphabet_shops, uniq_erica
D:10:     layout_irregular_city, enter_trove_0, ebering_ghost_disaster_area,
          enter_bailey_2, serial_demonic, serial_demonic_f, serial_demonic_d,
          serial_demonic_f, serial_demonic_b, serial_demonic_c,
          serial_demonic_d, eino_tiny_chamber

Skill      XL: |  1  2  3  4  5  6  7  8  9 10 11 |
---------------+----------------------------------+-----
Armour         | 4 5 6 7 8 9 |  9.9
Fighting       | 4 5 6 7 8 9 |  9.0
Shields        | 4 5 6 7 8 |  8.1
Axes           | 3 4 6 7 9 11 13 14 | 14.2
Dodging        | 1 2 4 |  4.5
Stealth        | 1 2 |  2.5

Action                   |  1- 3 |  4- 6 |  7- 9 | 10-12 || total
-------------------------+-------+-------+-------+-------++-------
Melee: War axe           |    91 |    75 |   360 |   145 ||   671
       Headbutt          |    13 |     9 |    57 |    27 ||   106
Invok: Call Merchant     |       |       |       |     1 ||     1
  Use: Scroll            |     3 |     5 |     5 |     8 ||    21
       Potion            |       |       |     1 |     1 ||     2
 Stab: Distracted        |       |       |     4 |     3 ||     7
Armor: Scale mail        |    65 |    36 |   162 |       ||   263
       Chain mail        |       |       |    14 |    71 ||    85
       Plate armour      |       |       |       |    14 ||    14
Dodge: Dodged            |    50 |    35 |   182 |    57 ||   324
Block: Buckler           |    45 |    40 |   114 |    49 ||   248
       Reflection        |     3 |       |       |       ||     3

Table legend: (Time is in decaauts)
 A = Elapsed time spent in this place.
 B = Non-inter-level travel time spent in this place.
 C = Inter-level travel time spent in this place.
 D = Time resting spent in this place.
 E = Time spent auto-exploring this place.
 F = Levels seen in this place.
 G = Mean time per level.
                   A        B        C        D        E       F      G
               +--------+--------+--------+--------+--------+-----+--------+
         Total |   8245 |   7944 |    301 |    105 |   4530 |  11 |  749.5 |
       Dungeon |   7686 |   7385 |    301 |    105 |   4477 |  10 |  768.6 |
         Sewer |    558 |    558 |      0 |      0 |     53 |   1 |  558.0 |
               +--------+--------+--------+--------+--------+-----+--------+

Top non-repeatable levels by time:
     D:1: 1058 daAuts
     D:3: 966 daAuts
     D:6: 927 daAuts
     D:8: 918 daAuts
     D:5: 889 daAuts
     D:4: 879 daAuts
     D:7: 877 daAuts
     D:2: 759 daAuts
   Sewer: 558 daAuts
    D:10: 268 daAuts
     D:9: 140 daAuts
